 Dungeon Crawl Stone Soup version 0.30-a0-509-gd016549fea (webtiles) character file.

Game seed: 16218168350203188061

137912 drugrobin the Impaler (level 16, -2/133 (144) HPs)
             Began as a Demigod Delver on Dec 23, 2022.
             Killed from afar by an orc sorcerer (11 damage)
             ... with a bolt of fire
             ... on level 2 of the Orcish Mines.
             The game lasted 01:38:33 (26744 turns).

drugrobin the Impaler (Demigod Delver)             Turns: 26744, Time: 01:38:34

HP:   -2/133 (144)  AC: 20    Str: 25    XL:     16   Next: 19%
MP:   10/10         EV: 15    Int: 23    God:
Gold: 1287          SH:  5    Dex: 18    Spells: 23/31 levels left

rFire   + . .      SeeInvis .    d - +2 scythe (antimagic)
rCold   . . .      Faith    .    (shield currently unavailable)
rNeg    . . .      Spirit   .    M - +2 scale mail of the Dungeon {rF+ rCorr Dex+3}
rPois   +          Reflect  +    W - +0 helmet {Int+3}
rElec   .          Harm     .    q - +2 cloak
rCorr   +          Rampage  .    r - +0 pair of gloves
Will    +....                    (no boots)
Stlth   ++........               n - amulet of reflection
HPRegen 0.42/turn                J - +4 ring of protection
MPRegen 0.12/turn                O - ring of Beowk {Wiz rPois}

@: drained
A: high MP 1, forlorn, divine attributes
a: no special abilities


You were on level 2 of the Orcish Mines.
You visited 3 branches of the dungeon, and saw 18 of its levels.
You visited 1 bazaar.
You also visited: Sewer, Ossuary and Volcano.

You collected 2069 gold pieces.
You spent 782 gold pieces at shops.

Inventory:

Hand Weapons
 a - a +4 halberd
 b - a +2 dagger of venom
 c - a +0 sling
 d - a +2 antimagic scythe (weapon)
 E - a +2 battleaxe of flaming
Missiles
 j - a throwing net
 D - 15 boomerangs (quivered)
 V - 14 curare-tipped darts
Armour
 q - a +2 cloak (worn)
 r - a +0 pair of gloves (worn)
 M - the +2 scale mail of the Dungeon (worn) {rF+ rCorr Dex+3}
   (You found it on level 3 of the Dungeon)

   Dex:       It affects your dexterity (+3).
   rF:        It protects you from fire.
   rCorr:     It protects you from acid and corrosion.
 R - a scarf of resistance
 W - a +0 helmet of intelligence (worn)
Jewellery
 n - an amulet of reflection (around neck)
 I - a ring of protection from cold
 J - a +4 ring of protection (left hand)
 O - the ring of Beowk (right hand) {Wiz rPois}
   (You found it on level 5 of the Dungeon)

   [ring of wizardry]

   It improves your spell success rate.
   rPois:     It protects you from poison.
 T - a ring of ice
Wands
 g - a wand of digging (5)
 h - a wand of flame (24)
 H - a wand of quicksilver (3)
 X - a wand of mindburst (18)
 Y - a wand of charming (7)
 Z - a wand of roots (9)
Scrolls
 o - 6 scrolls of fear
 s - 3 scrolls of immolation
 t - 5 scrolls of butterflies {unknown}
 u - a scroll of blinking
 v - 8 scrolls of teleportation {unknown}
 x - 5 scrolls of enchant weapon {unknown}
 C - 3 scrolls of fog
 N - 2 scrolls of poison
 Q - 2 scrolls of silence
 U - 3 scrolls of vulnerability
Potions
 f - 6 potions of haste
 i - 4 potions of cancellation
 k - 2 potions of experience
 l - 2 potions of might
 m - 8 potions of curing
 w - 3 potions of invisibility
 z - 5 potions of attraction {unknown}
 A - 2 potions of magic
 G - 2 potions of lignification {unknown}
 L - 3 potions of berserk rage {unknown}
 P - a potion of ambrosia {unknown}
 S - 6 potions of heal wounds
Miscellaneous
 K - a tin of tremorstones (2/2)


   Skills:
 * Level 13.2 Fighting
 - Level 16.0 Polearms
 - Level 8.0 Armour
 - Level 8.2 Dodging
 - Level 4.5 Stealth
 - Level 8.0 Spellcasting
 - Level 4.6 Evocations


You had 23 spell levels left.
You knew the following spells:

 Your Spells              Type           Power      Damage    Failure   Level
a - Wereblood             Tmut           9%         N/A       9%          2
b - Kindle Blastsparks    Fire/Tloc/Air  18%        2d11      17%         3
c - Swiftness             Air            9%         N/A       17%         3

Your spell library contained the following spells:

 Spells                   Type           Power      Damage    Failure   Level
 Kiss of Death            Conj/Necr      36%        2d8       6%          1
 Magic Dart               Conj           36%        1d4       6%          1
 Necrotise                Necr           36%        1d5       6%          1
 Shock                    Conj/Air       36%        1d5       6%          1
 Searing Ray              Conj           18%        2d5       9%          2
 Sublimation of Blood     Necr           9%         N/A       9%          2
 Call Canine Familiar     Summ           9%         N/A       17%         3
 Confusing Touch          Hex            9%         N/A       17%         3
 Portal Projectile        Hex/Tloc       18%        N/A       17%         3
 Vampiric Draining        Necr           9%         2d6       17%         3
 Airstrike                Air            4%         2d(1-17)  47%         4
 Dispel Undead            Necr           9%         3d8       47%         4
 Fulminant Prism          Conj/Hex       4%         3d5       47%         4
 Iskenderun's Mystic Bla  Conj/Tloc      9%         2d4       47%         4
 Leda's Liquefaction      Hex/Erth       4%         N/A       47%         4
 Petrify                  Tmut/Erth      9%         N/A       47%         4
 Agony                    Necr           9%         N/A       82%         5
 Alistair's Intoxication  Tmut/Pois      6%         N/A       82%         5
 Irradiate                Conj/Tmut      4%         3d13      82%         5
 Lee's Rapid Deconstruct  Erth           4%         3d5*      82%         5
 Summon Hydra             Summ           4%         N/A       100%        7
 Necromutation            Tmut/Necr      4%         N/A       100%        8


Dungeon Overview and Level Annotations

Branches:
Dungeon (11/15)            Temple (0/1) D:5            Lair (5/5) D:11
 Shoals (0/4) Lair:2       Spider (0/4) Lair:3        Slime (0/5) Lair:4
    Orc (2/2) D:9             Elf (0/3) Orc:2         Sewer (visited)
Ossuary (visited)         Volcano (visited)

Shops:
D:6 =   D:8 *   Orc:1 *   Orc:2 !


Innate Abilities, Weirdness & Mutations

You have an increased reservoir of magic. (+10% MP)
You shall have no god before yourself.
Your divine heritage dramatically boosts your attributes as you level up.


Message History

* * * LOW HITPOINT WARNING * * *
Unknown command.
Unknown command.
Unknown command.
You puncture the sun demon!
The sun demon is heavily wounded.
The sun demon hits you but does no damage.
Unknown command.
Unknown command.
Unknown command.
Unknown command.
Unknown command.
You impale the sun demon!!
The sun demon is severely wounded.
Unknown command.
Unknown command.
Unknown command.
Unknown command.
Unknown command.
You puncture the sun demon!
The sun demon is almost dead.
The sun demon hits you!
* * * LOW HITPOINT WARNING * * *
You are engulfed in flames!
You resist.
* * * LOW HITPOINT WARNING * * *
Unknown command.
Unknown command.
Unknown command.
Unknown command.
Unknown command.
Unknown command.
You hit the sun demon.
The sun demon is almost dead.
The sun demon hits you!
* * * LOW HITPOINT WARNING * * *
You are engulfed in flames!
You resist.
* * * LOW HITPOINT WARNING * * *
The orc sorcerer points at you and mumbles some strange words.
The bolt of fire hits you! You resist.
You die...

#≈..#####.8#§§# ###.....
#≈...≈≈≈..##≈≈###.......
#§§.......#≈≈≈##........
#≈§.....###§##≈.##).##..
#§§))####≈≈≈##≈.##..##..
#≈.§))≈§§≈≈§≈≈.§........
#§....§.§)....).........
#≈..8.......§§§.........
#≈..§.3@....§.......)...
#≈....≈≈≈≈≈≈§§§...).....
#≈..o####≈§≈##§§##).##..
#..
#§......###≈##≈.##.)##..
...
#≈.)§.....#≈§§##))......
....
#≈§.§§≈§..##§≈###.......
.....#####§§.#####!∩#≈≈#
###.....
.....#..≈§§§.§§§≈..##≈≈#
######
.....'...o..§.§§...#§§
##...#.


You could see a sun demon (summoned) and an orc sorcerer.

Vanquished Creatures
  A stone giant (Volcano)
  Harold (Lair:1)
  Erolcha (D:10)
  4 hydras
  Erica (Lair:2)
  4 catoblepae
  A deep troll shaman (Lair:5)
  4 two-headed ogres
  16 death yaks
  Nergalle (Orc:2)
  Sonja (D:10)
  Pikel (D:8)
  An orc knight (Orc:1)
  7 orc sorcerers (Orc:2)
  Maurice (D:8)
  An ugly thing (D:11)
  2 manticores (D:11)
  A cyclops (Orc:2)
  A merfolk siren (Lair:2)
  3 elephants (Lair:5)
  4 black mambas
  An ice statue (D:10)
  Maggie (D:7)
  3 gargoyles
  5 cane toads
  An efreet (Volcano)
  2 rime drakes
  6 komodo dragons
  3 kobold demonologists (D:9)
  A merfolk (Lair:2)
  3 trolls
  3 polar bears
  2 hornets (D:10)
  10 blink frogs
  2 slime creatures (D:10)
  Sigmund (D:3)
  3 wraiths
  68 yaks
  A shadow (D:11)
  A fire elemental (Volcano)
  6 wyverns
  3 basilisks
  4 vampire mosquitoes (D:11)
  2 redbacks (Lair:3)
  A steam dragon (D:9)
  9 wargs
  2 acid dragons
  9 water moccasins
  An ice beast (D:8)
  13 orc warriors
  24 wolves
  6 ogres
  5 centaurs
  2 lemures (D:8)
  7 kobold brigands
  A gnoll sergeant (D:10)
  11 bullfrogs
  2 scorpions
  An earth elemental (Volcano)
  9 wights
  8 killer bees (D:10)
  3 electric eels
  7 howler monkeys
  19 jellies
  3 gnoll boudas
  2 hounds
  12 orc priests
  38 orc wizards
  Natasha (thrice) (D:2)
  3 iguanas (D:6)
  A mummy (Ossuary)
  Robin (D:3)
  18 gnolls
  A river rat (Sewer)
  15 adders
  A shadow imp (D:6)
  5 white imps
  2 worms
  4 dart slugs
  62 orcs
  3 spectral bats (Ossuary)
  8 ball pythons
  14 endoplasms
  4 giant cockroaches
  12 gnoll zombies (Ossuary)
  11 hobgoblins
  3 jackals (D:5)
  3 quokkas
  4 bats
  2 bat simulacra (Ossuary)
  6 frilled lizards
  10 goblins
  2 goblin simulacra (Ossuary)
  7 goblin zombies (Ossuary)
  2 hobgoblin zombies (Ossuary)
  31 kobolds
  5 kobold simulacra (Ossuary)
  5 kobold zombies (Ossuary)
  4 orc zombies (Ossuary)
  15 rats
  A rat simulacrum (Ossuary)
  4 spectral goblins (Ossuary)
  5 spectral kobolds (Ossuary)
  2 spectral rats (Ossuary)
  A bush (Lair:5)
664 creatures vanquished.

Vanquished Creatures (collateral kills)
  A gargoyle (Volcano)
1 creature vanquished.

Vanquished Creatures (others)
  A yak (D:11)
  An orc priest (D:11)
  A bush (Lair:5)
  45 fungi
  42 plants
  8 toadstools (D:3)
98 creatures vanquished.

Grand Total: 763 creatures vanquished

Notes
Turn   | Place    | Note
-------+----------+-------------------------------------------
     0 | D:5      | drugrobin the Demigod Delver began the quest for the Orb.
     0 | D:5      | Reached XP level 1. HP: 18/18 MP: 3/3
    87 | D:5      | Noticed an ogre
   106 | D:6      | Found a sand-covered staircase.
   111 | D:6      | Noticed an orc priest
   113 | D:6      | Noticed a bullfrog
   114 | D:6      | Noticed an orc wizard
   117 | Ossuary  | Entered an ossuary
   144 | Ossuary  | Reached skill level 2 in Polearms
   203 | Ossuary  | Reached XP level 2. HP: 25/25 MP: 4/4
   478 | Ossuary  | Reached skill level 3 in Polearms
   532 | Ossuary  | Reached XP level 3. HP: 25/29 MP: 5/5
  1003 | D:3      | Noticed Robin
  1168 | D:3      | Found a glowing drain.
  1186 | D:3      | Reached XP level 4. HP: 32/37 MP: 6/6
  1212 | D:3      | Reached skill level 4 in Polearms
  1253 | Sewer    | Entered a sewer
  1540 | Sewer    | Reached XP level 5. HP: 41/42 MP: 7/7
  1555 | Sewer    | Reached skill level 5 in Polearms
  1686 | D:3      | Killed Robin
  2959 | D:2      | Reached XP level 6. HP: 50/50 MP: 8/8
  2970 | D:2      | Noticed Natasha
  2976 | D:2      | Killed Natasha
  2977 | D:2      | Reached skill level 6 in Polearms
  3348 | D:3      | Noticed Sigmund
  3461 | D:2      | Noticed Natasha
  3473 | D:2      | Killed Natasha
  3558 | D:2      | Noticed Natasha
  3566 | D:2      | Killed Natasha
  3868 | D:4      | Reached skill level 7 in Polearms
  3943 | D:3      | Identified the +2 scale mail of the Dungeon {rF+ rCorr
                  | Dex+3}
  4043 | D:3      | Killed Sigmund
  4044 | D:3      | Reached XP level 7. HP: 46/56 MP: 9/9
  4259 | D:4      | Reached skill level 8 in Polearms
  4646 | D:5      | Identified the ring of Beowk {Wiz rPois}
  5189 | D:5      | Found a staircase to the Ecumenical Temple.
  5271 | D:5      | Reached skill level 9 in Polearms
  5314 | D:5      | Reached XP level 8. HP: 45/62 MP: 10/10
  5769 | D:6      | Reached skill level 10 in Polearms
  5846 | D:6      | Found Hoeti's Jewellery Emporium.
  6620 | D:7      | Noticed Maggie
  6745 | D:8      | Reached skill level 11 in Polearms
  6763 | D:8      | Noticed Pikel
  6782 | D:8      | Noticed Maurice
  6883 | D:8      | Killed Pikel
  6884 | D:8      | Reached XP level 9. HP: 45/68 MP: 11/11
  7073 | D:8      | Killed Maurice
  7074 | D:8      | Reached skill level 12 in Polearms
  7434 | D:8      | Reached skill level 13 in Polearms
  7645 | D:8      | Found Peetic's Assorted Antiques.
  7674 | D:8      | Bought a scroll labelled ZURECU VOUMAT BIA for 30 gold
                  | pieces
  7674 | D:8      | Bought a small golden ring for 150 gold pieces
  7674 | D:8      | Bought a scroll labelled WANI KIGOI for 30 gold pieces
  7674 | D:8      | Bought a shiny garnet ring for 150 gold pieces
  7674 | D:8      | Bought a scroll labelled ZOAGISEFOI for 30 gold pieces
  8123 | D:7      | Killed Maggie
  8177 | D:7      | Reached skill level 1 in Evocations
  8180 | D:7      | Reached XP level 10. HP: 60/77 MP: 13/13
  9414 | D:9      | Found a staircase to the Orcish Mines.
  9424 | D:9      | Reached skill level 14 in Polearms
 10544 | D:10     | Entered Level 10 of the Dungeon
 10740 | D:10     | Found a runed translucent door.
 10747 | D:10     | Noticed Sonja
 10751 | D:10     | Killed Sonja
 10752 | D:10     | Reached skill level 5 in Fighting
 10815 | D:10     | Reached skill level 1 in Spellcasting
 11088 | D:10     | Noticed a two-headed ogre
 11105 | D:10     | Killed a two-headed ogre
 11106 | D:10     | Reached skill level 1 in Armour
 11120 | D:10     | Noticed an ice statue
 11126 | D:10     | Noticed Erolcha
 11324 | D:9      | Reached XP level 11. HP: 81/88 MP: 17/17
 11508 | D:10     | Killed Erolcha
 11987 | D:10     | Noticed a two-headed ogre
 11988 | D:10     | Noticed a two-headed ogre
 12274 | D:10     | Killed a two-headed ogre
 12355 | D:9      | Killed a two-headed ogre
 12672 | D:10     | Found a runed translucent door.
 13246 | D:11     | Found a flickering gateway to a bazaar.
 13293 | Bazaar   | Entered a bazaar
 13465 | Bazaar   | Found Peatt's Book Shop.
 13465 | Bazaar   | Found Gadghets Naesm's Antique Armour Shop.
 13616 | D:11     | Found a staircase to the Lair.
 13695 | Lair:1   | Entered Level 1 of the Lair of Beasts
 14494 | Lair:1   | Noticed Harold
 14673 | Lair:1   | Reached skill level 15 in Polearms
 15113 | Lair:1   | Killed Harold
 15114 | Lair:1   | Reached XP level 12. HP: 100/100 MP: 21/23
 15529 | Lair:2   | Reached skill level 5 in Spellcasting
 15714 | Lair:2   | Found a dark tunnel.
 15761 | Volcano  | Entered a volcano
 15778 | Volcano  | Noticed a stone giant
 15787 | Volcano  | Killed a stone giant
 16784 | Lair:2   | Noticed an eight-headed hydra
 16800 | Lair:2   | HP: 5/101 [three-headed hydra (10)]
 16802 | Lair:2   | Killed a two-headed hydra
 17037 | Lair:2   | Noticed Erica
 17078 | Lair:2   | Killed Erica
 17147 | Lair:2   | Reached skill level 5 in Dodging
 17284 | Lair:2   | Noticed an eight-headed hydra
 17300 | Lair:2   | Killed a five-headed hydra
 17739 | Lair:2   | Found a staircase to the Shoals.
 18371 | Lair:3   | Found a hole to the Spider Nest.
 18713 | Lair:3   | Learned a level 2 spell: Wereblood
 18717 | Lair:3   | Learned a level 3 spell: Kindle Blastsparks
 19112 | Lair:3   | Reached skill level 5 in Armour
 19112 | Lair:3   | Reached XP level 13. HP: 88/111 MP: 25/27
 20122 | Lair:4   | Reached skill level 16 in Polearms
 20358 | Lair:4   | Found a staircase to the Slime Pits.
 20999 | Lair:5   | Entered Level 5 of the Lair of Beasts
 21585 | Lair:4   | Reached skill level 10 in Fighting
 22033 | Lair:5   | Learned a level 3 spell: Swiftness
 23694 | D:11     | Reached XP level 14. HP: 27/124 MP: 30/30
 23694 | D:11     | HP: 6/124 [manticore (2)]
 23696 | D:11     | Reached XP level 15. HP: 7/132 MP: 31/31
 23966 | D:11     | Got Vogyef's Handbook of Sculpting and Translocation
 24723 | Orc:1    | Entered Level 1 of the Orcish Mines
 24780 | Orc:1    | Found Dyri's Assorted Antiques.
 24789 | Orc:1    | Bought a scroll labelled ENLEGESHRIN for 24 gold pieces
 24789 | Orc:1    | Bought a glowing spear for 144 gold pieces
 24912 | Orc:2    | Entered Level 2 of the Orcish Mines
 24913 | Orc:2    | Reached XP level 16. HP: 141/141 MP: 32/32
 25402 | Orc:2    | Paralysed by an orc sorcerer for 2 turns
 25530 | Orc:2    | Found a staircase to the Elven Halls.
 26487 | Orc:2    | Found Jizxunob's Distillery.
 26615 | Orc:2    | Bought a potion of invisibility for 112 gold pieces
 26615 | Orc:2    | Bought a potion of magic for 112 gold pieces
 26685 | Orc:2    | Noticed Nergalle
 26691 | Orc:2    | Paralysed by an orc sorcerer for 4 turns
 26716 | Orc:2    | Killed Nergalle
 26744 | Orc:2    | Killed from afar by an orc sorcerer

Illustrated notes

Levels and vault maps discovered:
D:1:      dpeg_arrival_tiny_j, layout_loops_ring, kennysheep_pointless_box,
          kennysheep_crisscross, serial_park_tiny_1, serial_bayou_lagoon_a
D:2:      layout_loops_ring, uniq_natasha
D:3:      cheibrodos_fertilizer, layout_rooms, lemuel_coloured_pillars_altar,
          nzn_hepliaklqana_mist_gate, cheibrodos_sewer_entry_drain,
          uniq_sigmund, uniq_robin
D:4:      nicolae_cairo_tiling_large_dashed, layout_rooms
D:5:      layout_basic, mainiacjoe_overflow_alcove_2,
          minmay_temple_entry_large_hall, serial_park_tiny_pond,
          serial_bayou_pond_d, guppyfry_early_orc_mine
D:6:      layout_basic, slow_altar_2, mainiacjoe_overflow_small_starburst,
          lemuel_crystal_altar, nicolae_ossuary_entry_ruins,
          nicolae_hexahallways, nicolae_wooded_promenade, st_stairs_12
D:7:      layout_cave_pools, nzn_wu_jian_contemplation,
          gammafunk_temple_overflow_elements, uniq_maggie
D:8:      layout_basic, serial_shops, nicolae_diamond_shop, uniq_maurice,
          uniq_pikel
D:9:      layout_loops_ring, kennysheep_mini_moat, fedhas_altar_4, led_sif_book,
          minmay_orc_entry_guard_dogs, grunt_ministairs_7, serial_park_tiny_pond
D:10:     cheibrodos_histonic, layout_loops_ring, hangedman_decor_riveting,
          grunt_ministairs_8, minivault_16, uniq_erolcha, uniq_sonja
D:11:     layout_cave_pools, erik_lair_orcish_takeover, serial_shops,
          freezing_bzr, nicolae_figureground_pulse
Lair:1:   layout_layer_cave, uniq_harold
Lair:2:   layout_chaotic_city, elwin_shoals_entry_rooms,
          nicolae_volcano_entry_hallway, chequers_serial_rivers_small_a,
          amcnicky_mini_pool_medium, uniq_erica
Lair:3:   layout_chaotic_city, spider_nest_entry_webs, serial_bayou_shore_a,
          lemuel_fruit_fields
Lair:4:   layout_loops_ring, minmay_slime_entry_jelly_boxes,
          beast_lair_carwin_1, grunt_megastairs_3
Lair:5:   grunt_lair_end_beastmaster, layout_loops_ring,
          infiniplex_staircase_pool
Orc:1:    layout_caves, serial_shops, shop, nicolae_orc_crystal_geode
Orc:2:    kennysheep_orc_mage_school, layout_diamond_mine, basic_altar,
          mines2_lemuel

Skill      XL: |  1  2  3  4  5  6  7  8  9 10 11 12 13 14 15 16 |
---------------+-------------------------------------------------+-----
Polearms       | 2 3 4 5 7 9 11 13 14 15 16 | 16.0
Fighting       | 3 5 7 9 11 12 13 | 13.2
Evocations     | 1 3 4 |  4.6
Dodging        | 2 4 5 7 8 |  8.2
Spellcasting   | 2 4 6 8 |  8.0
Armour         | 1 3 5 6 7 8 |  8.0
Stealth        | |  4.5

Action                   |  1- 3 |  4- 6 |  7- 9 | 10-12 | 13-15 | 16-18 || total
-------------------------+-------+-------+-------+-------+-------+-------++-------
Melee: Spear             |   302 |    17 |       |       |       |       ||   319
       Punch             |     4 |     6 |       |     1 |       |       ||    11
       Trident           |    11 |   295 |   418 |   145 |       |       ||   869
       Dagger            |       |    26 |   108 |    81 |     7 |     2 ||   224
       Halberd           |       |       |       |   715 |   549 |   298 ||  1562
       Battleaxe         |       |       |       |    12 |    19 |       ||    31
 Fire: Sling             |       |    19 |     2 |       |       |       ||    21
Throw: Dart              |       |       |     5 |    11 |       |       ||    16
       Boomerang         |       |       |     1 |    34 |    18 |    10 ||    63
       Throwing net      |       |       |       |       |     1 |       ||     1
 Cast: Kindle Blastspark |       |       |       |     4 |    13 |       ||    17
       Wereblood         |       |       |       |       |     2 |       ||     2
Evoke: Wand              |       |       |     5 |     8 |     4 |       ||    17
  Use: Scroll            |     4 |       |     4 |    11 |     4 |       ||    23
       Potion            |       |     1 |     1 |     3 |     3 |       ||     8
 Stab: Sleeping          |     4 |    22 |     4 |     3 |     1 |       ||    34
       Distracted        |     2 |     2 |       |       |     1 |     1 ||     6
       Held in net/web   |       |       |       |       |     3 |       ||     3
Armor: Leather armour    |    68 |   135 |       |       |       |       ||   203
       Scale mail        |       |     4 |   175 |   331 |   191 |   104 ||   805
Dodge: Dodged            |   170 |   167 |   180 |   426 |   244 |   149 ||  1336
Block: Buckler           |       |     4 |    50 |    15 |       |       ||    69
       Other             |       |       |       |    10 |    65 |    49 ||   124
       Reflection        |       |       |       |       |     1 |     3 ||     4

Table legend: (Time is in decaauts)
 A = Elapsed time spent in this place.
 B = Non-inter-level travel time spent in this place.
 C = Inter-level travel time spent in this place.
 D = Time resting spent in this place.
 E = Time spent auto-exploring this place.
 F = Levels seen in this place.
 G = Mean time per level.
                   A        B        C        D        E       F      G
               +--------+--------+--------+--------+--------+-----+--------+
         Total |  26325 |  25074 |   1251 |   3703 |  13235 |  22 | 1196.6 |
       Dungeon |  13126 |  12438 |    688 |   1365 |   6657 |  11 | 1193.3 |
          Lair |   9262 |   8727 |    535 |   1749 |   5093 |   5 | 1852.4 |
  Orcish Mines |   1934 |   1908 |     26 |    221 |   1015 |   2 |  967.0 |
        Bazaar |    254 |    254 |      0 |    164 |      0 |   1 |  254.0 |
         Sewer |    465 |    465 |      0 |      0 |    266 |   1 |  465.0 |
       Ossuary |    792 |    792 |      0 |     27 |     83 |   1 |  792.0 |
       Volcano |    490 |    490 |      0 |    177 |    120 |   1 |  490.0 |
               +--------+--------+--------+--------+--------+-----+--------+

Top non-repeatable levels by time:
  Lair:5: 2217 daAuts
  Lair:4: 2119 daAuts
    D:10: 2084 daAuts
     D:9: 2009 daAuts
  Lair:1: 1803 daAuts
  Lair:2: 1791 daAuts
     D:8: 1556 daAuts
   Orc:2: 1392 daAuts
  Lair:3: 1329 daAuts
     D:5: 1228 daAuts
    D:11: 1191 daAuts
     D:3: 1020 daAuts
     D:6: 969 daAuts
     D:2: 874 daAuts
     D:7: 834 daAuts
